 Dungeon Crawl Stone Soup version 0.29-a0-322-g68df515428 (webtiles) character file.

Game seed: 15996779444135118357

2877 Ijustatesigmund the Thaumaturge (level 9, -7/45 HPs)
             Began as a Deep Elf Fire Elementalist on Apr 8, 2022.
             Mangled by an ice beast (12 damage)
             ... on level 7 of the Dungeon.
             The game lasted 00:19:33 (10217 turns).

Ijustatesigmund the Thaumaturge (DEFE)             Turns: 10217, Time: 00:19:34

Health: -7/45      AC:  6    Str: 11    XL:     9   Next: 48%
Magic:  20/23      EV: 12    Int: 25    God:
Gold:   368        SH:  0    Dex: 15    Spells: 8/24 levels left

rFire   . . .      SeeInvis +   g - +1 short sword (venom)
rCold   . . .      Faith    .   (no shield)
rNeg    . . .      Spirit   .   a - +0 troll leather armour
rPois   .          Reflect  .   (no helmet)
rElec   .          Harm     .   (no cloak)
rCorr   .          Rampage  .   (no gloves)
Will    .....                   o - +1 pair of boots
Stlth   ++........              (no amulet)
HPRegen 0.95/turn               d - +6 ring of strength
MPRegen 0.18/turn               e - ring of see invisible

@: mighty, flying, very slightly contaminated
A: no striking features
a: no special abilities


You were on level 7 of the Dungeon.
You visited 2 branches of the dungeon, and saw 8 of its levels.

You collected 368 gold pieces.

Inventory:

Hand Weapons
 g - a +1 short sword of venom (weapon)
Missiles
 h - 6 silver boomerangs
Armour
 a - a +0 troll leather armour (worn)
 c - a +0 kite shield
 o - a +1 pair of boots (worn)
Jewellery
 d - a +6 ring of strength (left hand)
 e - a ring of see invisible (right hand)
 x - a ring of fire
Wands
 i - a wand of acid (4)
 s - a wand of iceblast (4)
Scrolls
 b - a scroll of magic mapping
 f - 2 scrolls of teleportation
 t - a scroll of brand weapon
 v - a scroll of immolation {unknown}
 w - a scroll of fear
Potions
 j - a potion of mutation
 k - a potion of resistance
 l - 2 potions of brilliance
 m - 3 potions of heal wounds
 p - a potion of berserk rage {unknown}
 q - a potion of might
 r - 2 potions of flight


   Skills:
 - Level 2.4 Dodging
 - Level 2.4 Stealth
 + Level 8.3 Spellcasting
 + Level 6.9 Conjurations
 + Level 1.1 Transmutations
 + Level 7.7 Fire Magic
 - Level 4.9 Air Magic
 + Level 1.4 Earth Magic
 - Level 5.4 Poison Magic


You had 8 spell levels left.
You knew the following spells:

 Your Spells              Type           Power      Damage    Failure   Level
a - Foxfire               Conj/Fire      100%       2x1d9     1%          1
b - Scorch                Fire           96%        2d9       1%          2
c - Mephitic Cloud        Conj/Pois/Air  39%        N/A       2%          3
d - Stone Arrow           Conj/Erth      62%        3d10      4%          3
e - Flame Wave            Conj/Fire      46%        2d10      3%          4
f - Ignite Poison         Fire/Tmut/Pois 34%        N/A       3%          3

Your spell library contained the following spells:

 Spells                   Type           Power      Damage    Failure   Level
 Conjure Flame            Conj/Fire      46%        6-21      1%          3
 Inner Flame              Hex/Fire       29%        N/A       4%          3
 Gell's Gravitas          Tloc           10%        N/A       24%         3
 Teleport Other           Tloc           10%        N/A       24%         3
 Freezing Cloud           Conj/Ice/Air   15%        6-21      38%         5
 Animate Armour           Summ/Erth      26%        N/A       50%         4
 Dispersal                Tloc           5%         N/A       100%        6
 Lehudib's Crystal Spear  Conj/Erth      15%        10d5      100%        8


Dungeon Overview and Level Annotations

Branches:
Dungeon (7/15)             Temple (1/1) D:4

Altars:
Ashenzari
Cheibriados
Dithmenos
Elyvilon
Fedhas
Gozag
Hepliaklqana
Kikubaaqudgha
Makhleb
Nemelex Xobeh
Okawaru
Qazlal
Ru
Sif Muna
Trog
Uskayaw
Vehumet
Wu Jian
Xom
Yredelemnul
Zin
The Shining One

Shops:
D:6 (


Message History

The shadow imp barely misses you. The white imp gestures at you.
The puff of frost hits you! The ice beast barely misses you.
The shadow imp attacks as you move away!
The shadow imp barely misses you.
The shadow imp attacks as you move away!
The shadow imp hits you but does no damage.
The shadow imp attacks as you move away!
The shadow imp hits you.
There is a stone staircase leading up here.
It was a potion of might.
You feel very mighty all of a sudden. The ice beast hits you.
The ice beast freezes you! The shadow imp hits you.
You hit the ice beast.
The ice beast is lightly wounded.
You feel less confused. The ice beast barely misses you.
The shadow imp hits you but does no damage.
You barely miss the ice beast.
The ice beast is lightly wounded.
The shadow imp hits you.
The ice beast hits you but does no damage.
Casting: Flame Wave (dangerous; 3% risk of failure)
Confirm with . or Enter, or press ? or * to list all spells.
You can't see any susceptible monsters within range! (Use Z to cast anyway.) Unknown command.
Casting: Flame Wave (dangerous; 3% risk of failure)
Confirm with . or Enter, or press ? or * to list all spells.
Casting: Flame Wave (dangerous; 3% risk of failure)
Press: ? - help, Dir - look around, f - activate You miscast Flame Wave.
You are very lightly contaminated with residual magic.
Nothing appears to happen.
The shadow imp barely misses you. The ice beast hits you.
The ice beast freezes you!
* * * LOW HITPOINT WARNING * * *
The ice beast hits you.
* * * LOW HITPOINT WARNING * * *
The ice beast freezes you!
You die...

## #.# #.## #@##
### ####
#5Y###.# ....
##5...##
#>.####..##
##....##..#
##.:.......##
#.....$..)..#..
................
./......)....###


You could see an ice beast, a white imp and a shadow imp.

Vanquished Creatures
  A two-headed ogre (D:6)
  A troll (D:4)
  A water moccasin (D:6)
  An ogre (D:6)
  2 ice beasts
  2 centaurs (D:6)
  2 phantoms (D:5)
  A gnoll sergeant (D:5)
  A bullfrog (D:7)
  2 necrophages (D:6)
  3 scorpions (D:5)
  A killer bee (D:6)
  A howler monkey (D:6)
  2 jellies
  7 hounds
  A gnoll shaman (D:4)
  2 iguanas
  7 orc wizards
  7 gnolls
  15 adders
  5 white imps
  An ufetubus (D:5)
  8 dart slugs
  16 orcs
  9 ball pythons
  8 endoplasms
  4 giant cockroaches
  11 goblins
  11 hobgoblins
  9 jackals
  4 quokkas
  4 bats
  3 frilled lizards
  11 kobolds
  5 rats
169 creatures vanquished.

Vanquished Creatures (others)
  481 foxfires
481 creatures vanquished.

Grand Total: 650 creatures vanquished

Notes
Turn   | Place    | Note
-------+----------+-------------------------------------------
     0 | D:1      | Ijustatesigmund the Deep Elf Fire Elementalist began the
                  | quest for the Orb.
     0 | D:1      | Reached XP level 1. HP: 10/10 MP: 6/6
   292 | D:1      | Reached XP level 2. HP: 15/15 MP: 5/8
  1345 | D:1      | Reached XP level 3. HP: 8/19 MP: 6/9
  1623 | D:1      | Learned a level 2 spell: Scorch
  2116 | D:2      | Reached XP level 4. HP: 24/24 MP: 8/11
  2539 | D:2      | Found a faded altar of an unknown god.
  2965 | D:3      | Reached skill level 4 in Spellcasting
  3579 | D:4      | Reached XP level 5. HP: 28/28 MP: 10/13
  3818 | D:4      | Learned a level 3 spell: Mephitic Cloud
  4193 | D:4      | Found a basalt altar of Yredelemnul.
  4197 | D:4      | Found a white marble altar of Elyvilon.
  4207 | D:4      | Found an ancient bone altar of Kikubaaqudgha.
  4207 | D:4      | Found a broken altar of Ashenzari.
  4214 | D:4      | Found a sacrificial altar of Ru.
  4503 | D:4      | Found a staircase to the Ecumenical Temple.
  4518 | Temple   | Entered the Ecumenical Temple
  4872 | D:4      | Reached skill level 1 in Air Magic
  4874 | D:4      | Reached skill level 1 in Poison Magic
  4928 | D:4      | Reached skill level 5 in Fire Magic
  4935 | D:4      | Reached XP level 6. HP: 28/32 MP: 7/14
  5635 | D:5      | Entered Level 5 of the Dungeon
  6096 | D:5      | Reached skill level 5 in Spellcasting
  6568 | D:5      | Reached XP level 7. HP: 36/36 MP: 11/16
  6676 | D:5      | Noticed a troll
  7469 | D:5      | Reached skill level 6 in Spellcasting
  7469 | D:5      | Reached skill level 5 in Conjurations
  7678 | D:5      | Reached XP level 8. HP: 31/41 MP: 9/19
  8277 | D:6      | Noticed a two-headed ogre
  8826 | D:4      | Killed a troll
  8919 | D:6      | Reached skill level 7 in Spellcasting
  9002 | D:6      | Killed a two-headed ogre
  9003 | D:6      | Reached skill level 5 in Poison Magic
  9003 | D:6      | Reached XP level 9. HP: 45/45 MP: 9/22
  9180 | D:6      | Found an ornate altar of the Wu Jian Council.
  9330 | D:6      | Reached skill level 8 in Spellcasting
  9346 | D:6      | Learned a level 3 spell: Stone Arrow
  9351 | D:6      | Learned a level 4 spell: Flame Wave
  9696 | D:6      | Learned a level 3 spell: Ignite Poison
  9809 | D:6      | Reached skill level 1 in Earth Magic
  9871 | D:6      | Found Gycoseh's Antique Weapon Shop.
 10197 | D:7      | Reached skill level 1 in Transmutations
 10217 | D:7      | Mangled by an ice beast

Illustrated notes

Levels and vault maps discovered:
D:1:      elethiomel_arrival_shortcut, layout_loops_ring, st_stairs_4
D:2:      layout_rooms, hellmonk_ecumenical_altar_prayer_group,
          minmay_misc_feat_columns, minmay_domino_2
D:3:      layout_basic
D:4:      kb_forest_paths, layout_layer_cave,
          nicolae_overflow_hallway_of_the_gods, minmay_temple_entry_offerings,
          hangedman_decor_push, grunt_decor_resistance, grunt_decor_arrowhead
D:5:      layout_loops_ring, st_stairs_12, minivault_23, minmay_divided_ellipse
D:6:      cheibrodos_barr_body, layout_gridville, nicolae_stop_n_shop_2,
          minmay_misc_feat_chi, nicolae_benzene_ring, minmay_splitting_lines,
          kennysheep_flooded_box
D:7:      nzn_winding_woodlands_medium [nzn_winding_woodlands_5x5_open_star,
          nzn_winding_woodlands_5x15_zeroes, nzn_winding_woodlands_5x5_default,
          nzn_winding_woodlands_5x5_default,
          nzn_winding_woodlands_center_pierced_h,
          nzn_winding_woodlands_5x5_default, nzn_winding_woodlands_hourglass,
          nzn_winding_woodlands_5x15_parted,
          nzn_winding_woodlands_5x5_perimeter], layout_layer_cave
Temple:   minmay_crystal_spiral_temple

Skill      XL: |  1  2  3  4  5  6  7  8  9 |
---------------+----------------------------+-----
Conjurations   | 2 3 4 5 6 |  6.9
Fire Magic     | 4 5 6 7 |  7.7
Spellcasting   | 4 5 6 7 8 |  8.3
Air Magic      | 1 2 3 4 |  4.9
Poison Magic   | 1 2 3 5 |  5.4
Earth Magic    | 1 |  1.4
Transmutations | 1 |  1.1
Dodging        | |  2.4
Stealth        | |  2.4

Action                   |  1- 3 |  4- 6 |  7- 9 || total
-------------------------+-------+-------+-------++-------
Melee: Short sword       |       |     1 |     4 ||     5
 Cast: Foxfire           |    89 |   121 |    90 ||   300
       Scorch            |     1 |    27 |    36 ||    64
       Mephitic Cloud    |       |       |     7 ||     7
       Ignite Poison     |       |       |     1 ||     1
       Flame Wave        |       |       |     1 ||     1
Evoke: Wand              |       |       |    10 ||    10
  Use: Scroll            |       |     9 |     7 ||    16
       Potion            |       |     2 |     4 ||     6
 Stab: Sleeping          |       |     1 |       ||     1
Armor: Robe              |    13 |     4 |     9 ||    26
       Troll leather arm |       |       |    15 ||    15
Dodge: Dodged            |    57 |    25 |    68 ||   150

Table legend: (Time is in decaauts)
 A = Elapsed time spent in this place.
 B = Non-inter-level travel time spent in this place.
 C = Inter-level travel time spent in this place.
 D = Time resting spent in this place.
 E = Time spent auto-exploring this place.
 F = Levels seen in this place.
 G = Mean time per level.
                   A        B        C        D        E       F      G
               +--------+--------+--------+--------+--------+-----+--------+
         Total |  10223 |   9829 |    394 |   4119 |   4496 |   8 | 1277.9 |
       Dungeon |  10002 |   9693 |    309 |   4119 |   4374 |   7 | 1428.9 |
        Temple |    221 |    137 |     84 |      0 |    122 |   1 |  221.0 |
               +--------+--------+--------+--------+--------+-----+--------+

Top non-repeatable levels by time:
     D:4: 2663 daAuts
     D:5: 2104 daAuts
     D:1: 1922 daAuts
     D:6: 1770 daAuts
     D:3: 844 daAuts
     D:2: 657 daAuts
  Temple: 221 daAuts
     D:7: 39 daAuts
